 Dungeon Crawl Stone Soup version 0.32-a0-630-g46d191b0ed (webtiles) character file.

Game seed: 5577308259956719316

25267 Alarak the Thaumaturge (level 13, -1/96 HPs)
             Began as a Djinni Alchemist on Mar 7, 2024.
             Was a High Priest of Makhleb.
             Engulfed by a cloud of flame (6 damage)
             ... on level 1 of the Lair of Beasts.
             The game lasted 00:49:02 (14200 turns).

Alarak the Thaumaturge (Djinni Alchemist)          Turns: 14200, Time: 00:49:03

Health: -1/96      AC:  3    Str:  7    XL:     13   Next: 49%
Gold:   816        EV: 16    Int: 20    God:    Makhleb [*****.] SH:  0 Dex: 16

rFire   + + .        o - +7 dagger of the Endless March {drain, rC+ rCorr}
rCold   . . .        (no shield)
rNeg    . . .        P - +0 troll leather armour
rPois   ∞            (no helmet)
rElec   .            (no cloak)
rCorr   +            (no gloves)
SInv    +            (boots unavailable)
Will    ++...        S - amulet of regeneration
Stlth   +            e - ring of willpower
HPRegen 1.96/turn    p - ring of see invisible
MPRegen 0.00/turn

%: infuse magic (-2 HP)
@: flying, contaminated, glowing
A: sickness immunity, fire resistance 2, cold vulnerability 1, float, innate
caster, HP casting, extra vitality 1
a: Renounce Religion, Minor Destruction, Lesser Servant of Makhleb, Major
Destruction, Greater Servant of Makhleb


You were on level 1 of the Lair of Beasts.
You worshipped Makhleb.
Makhleb was extremely pleased with you.
You visited 3 branches of the dungeon, and saw 15 of its levels.
You also visited: Gauntlet.

You collected 972 gold pieces.
You spent 156 gold pieces at shops.

Inventory:

Hand Weapons
 o - the +7 dagger of the Endless March (weapon) {drain, rC+ rCorr}
   (You found it on level 2 of the Dungeon)

   rC+:       It protects you from cold.
   rCorr:     It protects you from acid and corrosion.
 L - a +0 dagger
Missiles
 r - a throwing net
Armour
 t - a +2 robe of willpower
 x - +1 steam dragon scales
 G - +0 acid dragon scales
 K - a +1 robe of resistance
 P - a +0 troll leather armour (worn)
Magical Staves
 U - a staff of air
Jewellery
 e - a ring of willpower (left hand)
 p - a ring of see invisible (right hand)
 v - a +4 ring of slaying
 S - an amulet of regeneration (around neck)
 T - the ring "Sytwep" {*Slow rElec rF+ rN++ EV+5}
   (You found it in a Gauntlet)

   [ring of evasion]

   EV+5:      It affects your evasion (+5).
   rF+:       It protects you from fire.
   rElec:     It insulates you from electricity.
   rN++:      It greatly protects you from negative energy.
   *Slow:     It may slow you when you take damage.
 W - a ring of ice
 X - a ring of positive energy
Wands
 a - a wand of iceblast (11)
 n - a wand of polymorph (8)
 u - a wand of mindburst (21)
 w - a wand of digging (8)
 y - a wand of acid (11)
Scrolls
 h - 7 scrolls of fog
 j - a scroll of vulnerability
 k - 3 scrolls of poison
 m - 6 scrolls of teleportation
 s - 3 scrolls of immolation
 A - 2 scrolls of enchant armour
 H - 2 scrolls of silence
 I - a scroll of brand weapon
 O - a scroll of fear
 Q - a scroll of butterflies
 R - 3 scrolls of identify
 V - a scroll of torment
Potions
 b - a potion of brilliance
 c - a potion of magic
 d - 2 potions of ambrosia
 f - 2 potions of mutation
 i - 3 potions of enlightenment
 l - 4 potions of might
 q - 3 potions of degeneration
 z - 2 potions of invisibility
 B - 2 potions of cancellation
 C - a potion of resistance
 D - a potion of berserk rage
 E - 3 potions of haste
 F - a potion of attraction {unknown}
 M - 2 potions of lignification {unknown}
 N - 4 potions of curing


   Skills:
 - Level 10.2 Fighting
 - Level 6.2 Armour
 - Level 10.2 Dodging
 - Level 1.5 Stealth
 + Level 13.0 Spellcasting
 + Level 13.0 Conjurations
 + Level 13.0 Hexes
 + Level 13.0 Summonings
 + Level 13.0 Necromancy
 + Level 13.0 Translocations
 + Level 13.0 Fire Magic
 + Level 13.0 Ice Magic
 + Level 13.0 Air Magic
 + Level 13.0 Earth Magic
 + Level 13.0 Alchemy


You knew the following spells:

 Your Spells              Type           Power      Damage    Failure   Level
a - Sting                 Conj/Alch      100%       1d9       1%          1
b - Mercury Vapours       Alch/Air       100%       N/A       1%          2
c - Mephitic Cloud        Conj/Alch/Air  60%        N/A       1%          3
d - Olgreb's Toxic Radia  Alch           60%        N/A       1%          4
e - Sticky Flame          Fire/Alch      60%        2d10      1%          4
f - Slow                  Hex            100%       N/A       1%          1
g - Lesser Beckoning      Tloc           100%       N/A       1%          2
h - Inner Flame           Hex/Fire       60%        N/A       1%          3
i - Dimensional Bullseye  Hex/Tloc       30%        N/A       1%          4
j - Ignite Poison         Fire/Alch      60%        N/A       1%          4
k - Irradiate             Conj/Alch      30%        3d21      1%          5
Your spell library was empty.

Dungeon Overview and Level Annotations

Branches:
Dungeon (13/15)            Temple (1/1) D:5            Lair (1/5) D:9
    Orc (0/2) D:12        Gauntlet (visited)
 Vaults: D:13-14

Altars:
Ashenzari
Cheibriados
Dithmenos
Elyvilon
Fedhas
Gozag
Hepliaklqana
Makhleb
Nemelex Xobeh
Okawaru
Qazlal
Ru
Trog
Uskayaw
Wu Jian
Xom
Yredelemnul
Zin
The Shining One

Shops:
D:9 [   D:10 =!=

Portals:
Trove: D:12 (lose all piety)


Innate Abilities, Weirdness & Mutations

You are immune to sickness and miasma.
You are immune to poison.
Your flesh is very heat resistant. (rF++)
You are vulnerable to cold. (rC-)
You float through the air rather than walking.
You learn spells naturally, not from books.
Your magical power is your life essence.
You have superior vitality. (+4 MHP)


Message History

Press: ? - help, Dir - move target, f/p - t4s4d4r's ghost
Aim: t4s4d4r's ghost, wielding a weapon of electrocution (almost destroyed, chance to affect: 67%) T4s4d4r's ghost is filled with an inner flame.
* * * LOW HITPOINT WARNING * * *
You are too injured to fight recklessly!
Casting: Inner Flame (safe; 1% risk of failure)
Confirm with . or Enter, or press ? or * to list all spells.
Okay, then.
You are too injured to fight recklessly!
Casting: Inner Flame (safe; 1% risk of failure)
Confirm with . or Enter, or press ? or * to list all spells.
Aiming: Sting (safe; 1% risk of failure)
Press: ? - help, Shift-Dir - straight line, f/p - t4s4d4r's ghost
Aim: t4s4d4r's ghost, wielding a weapon of electrocution (almost destroyed, inner flame, 81% to hit)
The sting hits t4s4d4r's ghost.
T4s4d4r's ghost partially resists.
Flame seeps out of t4s4d4r's ghost.
T4s4d4r's ghost is almost destroyed.
* * * LOW HITPOINT WARNING * * *
T4s4d4r's ghost is engulfed in blazing flames.
Flame seeps out of t4s4d4r's ghost.
Casting: Sting (safe; 1% risk of failure)
Confirm with . or Enter, or press ? or * to list all spells.
Aiming: Sting (safe; 1% risk of failure)
Press: ? - help, Shift-Dir - straight line, f/p - t4s4d4r's ghost
Aim: t4s4d4r's ghost, wielding a weapon of electrocution (almost destroyed, inner flame, 81% to hit)
The sting hits t4s4d4r's ghost but does no damage.
T4s4d4r's ghost is almost destroyed.
* * * LOW HITPOINT WARNING * * *
Casting: Sting (safe; 1% risk of failure)
Confirm with . or Enter, or press ? or * to list all spells.
You erupt in a fountain of uncontrolled magic!
T4s4d4r's ghost is blasted with magical radiation!!!
Makhleb accepts your kill.
You are contaminated with residual magic.
* * * LOW HITPOINT WARNING * * *
T4s4d4r's ghost explodes!
The fiery explosion engulfs you! You resist.
* * * LOW HITPOINT WARNING * * *
You are engulfed in blazing flames.
You resist.
You die...

## #### ####### ####. .#P#
###.....##### #####....
...## ##..>........#
##........ ....#
#............## #P.†.<....
..###
#.............####........
..##
##..............##........#
..P#
#.......§§@....###.......##
.###
#.......§§§.......#....^##
...#
##.......§§§.......##...#.#
#.##
#.......°.........###..####
#.## ##................#
####
##.#####...............#
##....P.#..............#
...[...................#
........††.............##
###


There were no monsters in sight!

Vanquished Creatures
  A minotaur (Gauntlet)
  The ghost of t4s4d4r the Basher, a journeyman CoFi of the Shining One (Lair:1)
  Erica (D:8)
  A centaur warrior (D:11)
  2 two-headed ogres
  2 boulder beetles
  2 thrashing horrors (Gauntlet)
  3 skeletal warriors (D:11)
  An arcanist (D:12)
  2 lindwurms (Lair:1)
  Pikel (D:8)
  A deep elf zephyrmancer (D:12)
  2 manticores (D:11)
  3 meliai (Gauntlet)
  2 elephants (Lair:1)
  Joseph (D:8)
  A cane toad (Lair:1)
  Maggie (D:6)
  A gargoyle (D:12)
  3 komodo dragons
  An unseen horror (D:11)
  A rime drake (Lair:1)
  A tengu conjurer (D:12)
  Psyche (D:8)
  3 trolls
  2 hornets
  2 shadows
  3 wyverns
  13 yaks
  3 basilisks
  Eustachio (D:4)
  2 small abominations (Gauntlet)
  3 steam dragons
  2 vampire mosquitoes (D:12)
  An acid dragon (D:11)
  4 water moccasins
  Duvessa (D:4)
  3 ice beasts
  4 orc warriors
  2 sky beasts (D:7)
  2 ogres
  6 wolves (Lair:1)
  4 centaurs
  A phantom (D:6)
  2 lemures (D:8)
  3 gnoll sergeants
  4 bullfrogs
  2 scorpions
  12 wights
  Dowan (D:4)
  3 killer bees (D:7)
  7 electric eels (D:10)
  2 bombardier beetles (D:6)
  9 howler monkeys
  2 jellies
  4 hounds
  A gnoll bouda (D:4)
  4 orc priests
  3 iguanas
  2 sleepcaps (D:6)
  Natasha (thrice) (D:4)
  14 orc wizards
  5 adders
  27 gnolls
  A shadow imp (D:8)
  2 ufetubi (D:3)
  3 dart slugs
  43 orcs
  3 bats (D:2)
  11 endoplasms
  2 giant cockroaches
  5 goblins
  5 hobgoblins
  3 jackals
  2 quokkas
  4 ball pythons
  3 frilled lizards
  5 kobolds
  11 rats
311 creatures vanquished.

Notes
Turn   | Place    | Note
-------+----------+-------------------------------------------
     0 | D:1      | Alarak the Djinni Alchemist began the quest for the Orb.
     0 | D:1      | Alarak set off with the following spells memorised: Sting,
                  | Mercury Vapours, Mephitic Cloud, Olgreb's Toxic Radiance,
                  | Sticky Flame.
     0 | D:1      | Reached XP level 1. HP: 15/15 MP: 0/0
   170 | D:1      | Reached XP level 2. HP: 18/21 MP: 0/0
   365 | D:1      | Reached XP level 3. HP: 24/25 MP: 0/0
   365 | D:1      | Learned a level 1 spell: Slow
   976 | D:2      | Identified the +7 dagger of the Endless March {drain, rC+
                  | rCorr}
  1702 | D:3      | Reached XP level 4. HP: 25/31 MP: 0/0
  1913 | D:3      | Found a sacrificial altar of Ru.
  2128 | D:4      | Noticed Eustachio
  2144 | D:4      | Killed Eustachio
  2145 | D:4      | Reached skill level 5 in Spellcasting
  2145 | D:4      | Reached skill level 5 in Conjurations
  2145 | D:4      | Reached skill level 5 in Hexes
  2145 | D:4      | Reached skill level 5 in Summonings
  2145 | D:4      | Reached skill level 5 in Necromancy
  2145 | D:4      | Reached skill level 5 in Translocations
  2145 | D:4      | Reached skill level 5 in Fire Magic
  2145 | D:4      | Reached skill level 5 in Ice Magic
  2145 | D:4      | Reached skill level 5 in Air Magic
  2145 | D:4      | Reached skill level 5 in Earth Magic
  2145 | D:4      | Reached skill level 5 in Alchemy
  2145 | D:4      | Reached XP level 5. HP: 23/35 MP: 0/0
  2145 | D:4      | Learned a level 2 spell: Lesser Beckoning
  2145 | D:4      | Reached XP level 6. HP: 26/40 MP: 0/0
  2647 | D:4      | Noticed Natasha
  2655 | D:4      | Killed Natasha
  2656 | D:4      | Reached XP level 7. HP: 34/45 MP: 0/0
  2656 | D:4      | Learned a level 3 spell: Inner Flame
  2825 | D:4      | Noticed Natasha
  2832 | D:4      | Killed Natasha
  3009 | D:4      | Noticed Natasha
  3013 | D:4      | Killed Natasha
  3318 | D:4      | Noticed Duvessa
  3318 | D:4      | Noticed Dowan
  3325 | D:4      | Killed Duvessa
  3328 | D:4      | Killed Dowan
  3489 | D:5      | Entered Level 5 of the Dungeon
  3656 | D:5      | Found a staircase to the Ecumenical Temple.
  3665 | Temple   | Entered the Ecumenical Temple
  3688 | Temple   | Became a worshipper of Makhleb the Destroyer
  3761 | D:5      | Reached XP level 8. HP: 48/50 MP: 0/0
  3909 | D:5      | Found a hide-covered altar of Uskayaw.
  4248 | D:5      | Reached skill level 5 in Dodging
  4806 | D:6      | Reached XP level 9. HP: 25/55 MP: 0/0
  4806 | D:6      | Learned a level 4 spell: Dimensional Bullseye
  5000 | D:6      | Noticed Maggie
  5006 | D:6      | Killed Maggie
  5170 | D:6      | Reached * piety under Makhleb
  5630 | D:7      | Reached XP level 10. HP: 54/60 MP: 0/0
  5638 | D:7      | Reached skill level 10 in Spellcasting
  5638 | D:7      | Reached skill level 10 in Conjurations
  5638 | D:7      | Reached skill level 10 in Hexes
  5638 | D:7      | Reached skill level 10 in Summonings
  5638 | D:7      | Reached skill level 10 in Necromancy
  5638 | D:7      | Reached skill level 10 in Translocations
  5638 | D:7      | Reached skill level 10 in Fire Magic
  5638 | D:7      | Reached skill level 10 in Ice Magic
  5638 | D:7      | Reached skill level 10 in Air Magic
  5638 | D:7      | Reached skill level 10 in Earth Magic
  5638 | D:7      | Reached skill level 10 in Alchemy
  6024 | D:7      | Reached ** piety under Makhleb
  6900 | D:8      | Noticed Pikel
  6933 | D:8      | Killed Pikel
  6934 | D:8      | Reached skill level 10 in Dodging
  7254 | D:7      | Reached skill level 1 in Fighting
  7509 | D:8      | Found an iron altar of Okawaru.
  7549 | D:8      | Reached *** piety under Makhleb
  7555 | D:8      | Noticed Psyche
  7559 | D:8      | Killed Psyche
  7563 | D:8      | Noticed Joseph
  7569 | D:8      | Killed Joseph
  7570 | D:8      | Reached XP level 11. HP: 32/74 MP: 0/0
  7570 | D:8      | Learned a level 4 spell: Ignite Poison
  7588 | D:8      | Noticed Erica
  7620 | D:8      | Killed Erica
  8217 | D:9      | Found Lamaol's Armour Boutique.
  8500 | D:9      | Found a basalt altar of Yredelemnul.
  8771 | D:9      | Found a staircase to the Lair.
  9196 | D:10     | Entered Level 10 of the Dungeon
  9198 | D:10     | Reached **** piety under Makhleb
  9435 | D:10     | Found Gatant's Jewellery Shoppe.
  9458 | D:10     | Found a shadowy altar of Dithmenos.
  9463 | D:10     | Found Hyoduib's Jewellery Emporium.
  9520 | D:10     | Found Paproidedd's Distillery.
  9525 | D:10     | Bought a potion of heal wounds for 60 gold pieces
  9525 | D:10     | Bought a potion of enlightenment for 60 gold pieces
  9525 | D:10     | Bought a potion of curing for 36 gold pieces
 10328 | D:11     | Noticed a boulder beetle
 10333 | D:11     | Killed a boulder beetle
 10334 | D:11     | Reached skill level 10 in Fighting
 10342 | D:11     | Noticed a manticore
 10346 | D:11     | Killed a manticore
 10347 | D:11     | Reached XP level 12. HP: 36/91 MP: 0/0
 10349 | D:11     | Noticed a two-headed ogre
 10354 | D:11     | Killed a two-headed ogre
 10590 | D:11     | Noticed a skeletal warrior
 10605 | D:11     | Killed a skeletal warrior
 10613 | D:11     | Noticed a skeletal warrior
 10616 | D:11     | Noticed a skeletal warrior
 10850 | D:11     | Noticed a centaur warrior
 10900 | D:11     | Killed a centaur warrior
 11126 | D:11     | Killed a skeletal warrior
 11136 | D:11     | Killed a skeletal warrior
 11812 | D:12     | Found a staircase to the Orcish Mines.
 11887 | D:12     | Found a portal to a secret trove of treasure.
 11889 | D:12     | Noticed a two-headed ogre
 11892 | D:12     | Noticed a boulder beetle
 11895 | D:12     | Killed a two-headed ogre
 11899 | D:12     | Killed a boulder beetle
 12029 | D:12     | Noticed an arcanist
 12032 | D:12     | Killed an arcanist
 12053 | D:12     | Reached skill level 5 in Armour
 12230 | D:12     | Reached ***** piety under Makhleb
 12744 | D:13     | Noticed a centaur warrior
 12875 | Lair:1   | Entered Level 1 of the Lair of Beasts
 12911 | Lair:1   | Found a runed translucent gate.
 12911 | Lair:1   | Found a runed translucent gate.
 12911 | Lair:1   | Found a runed translucent gate.
 12914 | Lair:1   | Noticed t4s4d4r's ghost (journeyman CoFi)
 12954 | Lair:1   | Reached XP level 13. HP: 95/96 MP: 0/0
 12954 | Lair:1   | Learned a level 5 spell: Irradiate
 13022 | Lair:1   | Found a gate leading to a gauntlet.
 13031 | Gauntlet | Entered a Gauntlet
 13031 | Gauntlet | Found a transporter.
 13040 | Gauntlet | Found a transporter.
 13057 | Gauntlet | Found a transporter.
 13061 | Gauntlet | Found a transporter.
 13082 | Gauntlet | Found a transporter.
 13095 | Gauntlet | Found a transporter.
 13097 | Gauntlet | Found a runed translucent door.
 13109 | Gauntlet | Found a transporter.
 13138 | Gauntlet | Found a transporter.
 13138 | Gauntlet | Found a transporter.
 13143 | Gauntlet | Found a transporter.
 13176 | Gauntlet | Found a transporter.
 13176 | Gauntlet | Found a transporter.
 13177 | Gauntlet | Found a runed translucent door.
 13357 | Gauntlet | Identified the ring "Sytwep" {*Slow rElec rF+ rN++ EV+5}
 13381 | Gauntlet | Noticed a minotaur
 13388 | Gauntlet | Killed a minotaur
 13505 | Lair:1   | Identified the +2 cloak of Yge Bau {-Tele +Inv rF++}
 14200 | Lair:1   | Killed t4s4d4r's ghost
 14200 | Lair:1   | Engulfed by a cloud of flame

Illustrated notes

Levels and vault maps discovered:
D:1:      dpeg_arrival_brainrot, layout_loops_ring, hex_tiny
D:2:      layout_loops_cross, kennysheep_generic_room_14
D:3:      layout_rooms, nicolae_ru_awakened_eye, minmay_misc_feat_hallway
D:4:      layout_gridville, uniq_eustachio, uniq_natasha, uniq_duvessa
D:5:      layout_rooms, eat_drink_and_be_merry_uskayaw, lemuel_temple_firewalk_b
D:6:      layout_rooms, kennysheep_potato, uniq_maggie
D:7:      layout_loops_corners
D:8:      layout_cave_pools, okawaru_trees_2, uniq_pikel, uniq_joseph,
          uniq_psyche, uniq_erica
D:9:      layout_long_grid, mainiacjoe_overflow_brackets, erik_lair_dragon,
          serial_shops, shop, kennysheep_cluttered_room
D:10:     layout_cave_pools, amcnicky_altar_gilded, serial_bayou,
          serial_bayou_shore_a, serial_bayou_pond_a, serial_bayou_ford_a,
          serial_bayou_lake_a, serial_shops, shop, shop_statue, shop
D:11:     layout_loops_cross
D:12:     layout_gridville, orc_0_dummy, enter_trove_2, serial_library,
          serial_library_hellmonk_hallway_a,
          serial_library_hellmonk_reading_circle,
          serial_library_regret_index_double_sided,
          serial_library_regret_index_multi,
          serial_library_hellmonk_small_alcove,
          serial_library_regret_index_headful,
          serial_library_hellmonk_filled_rooms,
          serial_library_regret_index_small_wings,
          serial_library_regret_index_branch_corner,
          amcnicky_mini_corridor_feature, corexii_corridor_pit
D:13:     layout_rooms, uniq_lodul, uniq_snorg
Temple:   minmay_temple_bridge_d
Lair:1:   layout_cave_pods, gauntlet_entry_generic, gammafunk_ghost_split,
          basic_altar, nicolae_lair_lindhole

Skill      XL: |  1  2  3  4  5  6  7  8  9 10 11 12 13 |
---------------+----------------------------------------+-----
Spellcasting   | 4 5 6 7 9 10 11 13 | 13.0
Conjurations   | 4 5 6 7 9 10 11 13 | 13.0
Hexes          | 4 5 6 7 9 10 11 13 | 13.0
Summonings     | 4 5 6 7 9 10 11 13 | 13.0
Necromancy     | 4 5 6 7 9 10 11 13 | 13.0
Translocations | 4 5 6 7 9 10 11 13 | 13.0
Fire Magic     | 4 5 6 7 9 10 11 13 | 13.0
Ice Magic      | 4 5 6 7 9 10 11 13 | 13.0
Air Magic      | 4 5 6 7 9 10 11 13 | 13.0
Earth Magic    | 4 5 6 7 9 10 11 13 | 13.0
Alchemy        | 4 5 6 7 9 10 11 13 | 13.0
Dodging        | 6 10 | 10.2
Fighting       | 4 10 | 10.2
Armour         | 6 |  6.2
Stealth        | |  1.5

Action                     |  1- 3 |  4- 6 |  7- 9 | 10-12 | 13-15 || total
---------------------------+-------+-------+-------+-------+-------++-------
  Melee: Dagger            |     3 |     5 |     4 |    11 |     6 ||    29
         Unarmed           |     1 |       |       |       |       ||     1
   Cast: Sting             |    71 |    58 |    46 |    55 |     9 ||   239
         Mephitic Cloud    |       |     2 |     4 |     8 |     2 ||    16
         Olgreb's Toxic Ra |       |     4 |    25 |    88 |    14 ||   131
         Inner Flame       |       |       |    38 |    71 |     7 ||   116
         Slow              |       |       |     4 |     3 |     1 ||     8
         Sticky Flame      |       |       |     3 |    23 |     2 ||    28
         Mercury Vapours   |       |       |     1 |     2 |       ||     3
         Ignite Poison     |       |       |       |    48 |     7 ||    55
         Dimensional Bulls |       |       |       |     2 |       ||     2
         Irradiate         |       |       |       |       |     7 ||     7
    Use: Scroll            |    10 |       |     6 |    16 |     1 ||    33
         Potion            |       |       |     2 |     3 |     3 ||     8
 Armour: Robe              |     7 |     5 |     5 |       |       ||    17
         Steam dragon scal |       |       |     9 |    53 |       ||    62
         Troll leather arm |       |       |       |    11 |    46 ||    57
  Dodge: Dodged            |    10 |    15 |    22 |    48 |    12 ||   107

Table legend: (Time is in decaauts)
 A = Elapsed time spent in this place.
 B = Non-inter-level travel time spent in this place.
 C = Inter-level travel time spent in this place.
 D = Time resting spent in this place.
 E = Time spent auto-exploring this place.
 F = Levels seen in this place.
 G = Mean time per level.
                   A        B        C        D        E       F      G
               +--------+--------+--------+--------+--------+-----+--------+
         Total |  14212 |  13565 |    647 |   2813 |   9157 |  16 |  888.2 |
       Dungeon |  12844 |  12247 |    597 |   2747 |   8135 |  13 |  988.0 |
        Temple |     44 |      1 |     43 |      0 |      0 |   1 |   44.0 |
          Lair |    919 |    912 |      7 |     25 |    798 |   1 |  919.0 |
      Gauntlet |    403 |    403 |      0 |     41 |    224 |   1 |  403.0 |
               +--------+--------+--------+--------+--------+-----+--------+

Top non-repeatable levels by time:
    D:11: 1559 daAuts
     D:7: 1540 daAuts
     D:4: 1364 daAuts
     D:9: 1125 daAuts
    D:10: 1057 daAuts
     D:5: 1050 daAuts
     D:8: 1039 daAuts
    D:12: 1007 daAuts
     D:6: 976 daAuts
     D:1: 936 daAuts
  Lair:1: 919 daAuts
     D:2: 695 daAuts
     D:3: 491 daAuts
Gauntlet: 403 daAuts
  Temple: 44 daAuts
